 Dungeon Crawl Stone Soup version 0.27.1 (webtiles) character file.

Game seed: 7825478352218514791

49291 ZARRMARR the Slicer (level 14, -15/169 HPs)
             Began as a Gnoll Monk on Aug 25, 2021.
             Was a High Priest of Okawaru.
             Demolished by a naga warrior (17 damage)
             ... on level 2 of the Snake Pit.
             The game lasted 02:00:14 (31051 turns).

ZARRMARR the Slicer (Gnoll Monk)                   Turns: 31051, Time: 02:00:14

Health: -15/169    AC: 27    Str: 18    XL:     14   Next: 50%
Magic:  27/27      EV: -1    Int: 10    God:    Okawaru [*****.]
Gold:   1101       SH:  0    Dex: 17    Spells: 31/31 levels left

rFire    + . .     SeeInvis .     - Unarmed
rCold    . . .     Faith    +   (no shield)
rNeg     + + +     Spirit   .   (armour currently unavailable)
rPois    +         Reflect  .   (helmet currently unavailable)
rElec    .         Harm     .   (cloak currently unavailable)
rCorr    .         Rampage  .   (gloves currently unavailable)
Will     +....     NoTele   +   (boots currently unavailable)
Stlth    ++++++....             p - amulet of faith
HPRegen  0.38/turn              a - ring "Kismiyc" {rF+ Str+3}
MPRegen  0.20/turn              s - ring of poison resistance

@: lethally poisoned (-15 -> -16), tree-form, heroic, constricted, studying
Short Blades
A: stationary, stasis, torment immunity, boosted hp, (fangs 1), strong nose,
distributed training, agile 1
a: Renounce Religion, Heroism, Finesse


You were on level 2 of the Snake Pit.
You worshipped Okawaru.
Okawaru was extremely pleased with you.
You were a tree.
You visited 4 branches of the dungeon, and saw 17 of its levels.
You also visited: Gauntlet.

You collected 1101 gold pieces.

Inventory:

Hand Weapons
 L - a +2 quarterstaff of speed
 U - a +1 short sword of distortion
Missiles
 h - 58 poisoned darts
 j - 4 boomerangs
 D - 6 curare-tipped darts
 J - 3 atropa-tipped darts
 N - 7 javelins (quivered)
 Y - 10 silver javelins
Armour
 c - the +2 hat of Hairy Knowledge (melded) {rN++ Str+6}
   (Okawaru gifted it to you on level 6 of the Lair of Beasts)

   Str:       It affects your strength (+6).
   rN:        It greatly protects you from negative energy.
 g - +1 shadow dragon scales (melded)
 B - a +2 pair of gloves of dexterity (melded)
 P - a +1 pair of boots (melded)
Magical Staves
 x - a staff of fire
 W - a staff of earth
Jewellery
 a - the ring "Kismiyc" (left branch) {rF+ Str+3}
   (You acquired it on level 2 of the Dungeon)

   [ring of protection from fire]

   Str:       It affects your strength (+3).
   rF:        It protects you from fire.
 b - a ring of positive energy
 e - a ring of magical power
 p - an amulet of faith (around neck)
 s - a ring of poison resistance (right branch)
 t - a +6 ring of strength
 w - a +4 ring of protection
 K - a ring of protection from fire
 M - a ring of willpower
Wands
 i - a wand of acid (12)
 u - a wand of iceblast (46)
 F - a wand of paralysis (8)
 G - a wand of polymorph (18)
 O - a wand of mindburst (16)
 S - a wand of flame (17)
Scrolls
 f - 2 scrolls of torment
 n - 3 scrolls of teleportation
 o - 2 scrolls of silence
 q - 4 scrolls of fog
 y - 3 scrolls of enchant weapon
 A - 2 scrolls of amnesia
 C - 3 scrolls of vulnerability
Potions
 d - 2 potions of might {unknown}
 l - 2 potions of flight
 r - 3 potions of attraction
 v - a potion of ambrosia {unknown}
 z - 5 potions of brilliance
 E - 2 potions of invisibility {unknown}
 H - 2 potions of berserk rage {unknown}
 I - 3 potions of lignification
 Q - 2 potions of mutation
 R - a potion of cancellation {unknown}
 T - a potion of resistance {unknown}
Miscellaneous
 m - a box of beasts (inert)


   Skills:
 + Level 11.2(16.2) Fighting
 + Level 12.6(17.6) Short Blades
 + Level 9.3(14.3) Long Blades
 + Level 9.3(14.3) Axes
 + Level 9.3(14.3) Maces & Flails
 + Level 9.3(14.3) Polearms
 + Level 9.3(14.3) Staves
 + Level 9.3(14.3) Slings
 + Level 9.3(14.3) Bows
 + Level 9.3(14.3) Crossbows
 + Level 9.3(14.3) Throwing
 + Level 9.3(14.3) Armour
 + Level 11.2(16.2) Dodging
 + Level 10.1(15.1) Stealth
 + Level 9.3(14.3) Shields
 + Level 11.2(16.2) Unarmed Combat
 + Level 9.3 Spellcasting
 + Level 7.7 Conjurations
 + Level 7.7 Hexes
 + Level 7.7 Summonings
 + Level 7.7 Necromancy
 + Level 7.7 Translocations
 + Level 7.7 Transmutations
 + Level 7.7 Fire Magic
 + Level 7.7 Ice Magic
 + Level 7.7 Air Magic
 + Level 7.7 Earth Magic
 + Level 7.7 Poison Magic
 + Level 10.1 Invocations
 + Level 9.3 Evocations


You had 31 spell levels left.
You didn't know any spells.
Your spell library contained the following spells:

 Spells                   Type           Power      Damage    Failure   Level
 Slow                     Hex            20%        N/A       1%          2
 Confusing Touch          Hex            20%        N/A       1%          3
 Inner Flame              Hex/Fire       20%        N/A       1%          3
 Stone Arrow              Conj/Erth      40%        3d9       1%          3
 Animate Armour           Summ/Erth      40%        N/A       6%          4
 Animate Dead             Necr           10%        N/A       6%          4
 Cause Fear               Hex            10%        N/A       6%          4
 Blade Hands              Tmut           10%        N/A       17%         5
 Borgnjor's Vile Clutch   Necr/Erth      10%        N/A       17%         5
 Irradiate                Conj/Tmut      10%        3d16      17%         5
 Yara's Violent Unravell  Hex/Tmut       10%        3d6       17%         5
 Death Channel            Necr           10%        N/A       67%         6
 Dragon Form              Tmut           10%        N/A       99%         7
 Discord                  Hex            10%        N/A       100%        8
 Lehudib's Crystal Spear  Conj/Erth      10%        10d4      100%        8


Dungeon Overview and Level Annotations

Branches:
Dungeon (8/15)             Temple (1/1) D:6            Lair (6/6) D:8
 Shoals (0/4) Lair:4        Snake (2/4) Lair:4        Slime (0/5) Lair:6
Gauntlet (visited)

Altars:
Cheibriados
Hepliaklqana
Nemelex Xobeh
Okawaru
Sif Muna
Trog
Uskayaw
Vehumet
Zin
Jiyva

Shops:
D:4 *

Annotations:
Lair:1 3 runed translucent doors, pkoi's ghost, journeyman TrMo
Lair:6 3 runed translucent doors


Innate Abilities, Weirdness & Mutations

You are a tree.
Your roots penetrate the ground, keeping you stationary.
You cannot be teleported.
You are immune to unholy pain and torment.
Your maximum health is greatly increased.
Your equipment is partially melded.
((You have very sharp teeth.))
Your uncanny sense of smell can sniff out nearby items.
Your experience applies equally to all skills.
You are agile. (Dex +2)


Message History

You feel much better.
You feel sick.
You are no longer poisoned.
The naga warrior hits you with a +0 hand axe!
* * * LOW HITPOINT WARNING * * *
The naga warrior spits poison at you.
The splash of poison hits you but does no damage.
You are poisoned.
You resist. The naga warrior constricts you.
* * * LOW HITPOINT WARNING * * *
You hit the naga warrior.
You punch the naga warrior, but do no damage.
The naga warrior is almost dead.
You feel sick.
The naga warrior hits you with a +0 hand axe!
* * * LOW HITPOINT WARNING * * *
Unknown command.
As you read the scroll of teleportation, it crumbles to dust.
You feel strangely unstable.
You feel sick.
The naga warrior hits you but does no damage.
The naga warrior constricts you.
* * * LOW HITPOINT WARNING * * *
The naga warrior spits poison at you. The splash of poison misses you.
It was a potion of lignification.
You turn into a tree.
The +2 hat of Hairy Knowledge {rN++ Str+6} melds into your body.
Your +2 pair of gloves of dexterity melds into your body.
Your +1 pair of boots melds into your body.
Your +1 shadow dragon scales melds into your body.
You feel clumsy.
Your roots penetrate the ground.
You feel strangely stable.
You feel sick.
The naga warrior hits you but does no damage.
The naga warrior constricts you.
* * * LOW HITPOINT WARNING * * *
The naga warrior hits you but does no damage.
It was a potion of mutation.
You feel extremely strange.
You feel agile.
* * * LOW HITPOINT WARNING * * *
You feel sick.
The naga warrior hits you with a +0 trident!
You die...

# ### #.# .. ..
. # .#.####
....#.###N......
>......<♣N......
$#.........#...#
#......#.## #
#.....##.#
#..... .. #.....
... ###### ....
.....


You could see 2 naga warriors.

Vanquished Creatures
  2 naga warriors (Snake:1)
  7 hydras
  An anaconda (Snake:1)
  A catoblepas (Lair:5)
  5 death yaks
  Urug (Lair:4)
  2 shock serpents (Snake:1)
  A naga sharpshooter (Snake:1)
  2 naga ritualists (Snake:1)
  A lindwurm (Lair:6)
  3 oklob plants
  3 mana vipers (Snake:1)
  A guardian serpent (Snake:1)
  17 black mambas
  14 cane toads
  2 molten gargoyles (Lair:6)
  A torpor snail (Lair:4)
  A rime drake (Lair:3)
  7 komodo dragons
  A tyrant leech (Gauntlet)
  3 polar bears
  11 blink frogs
  6 flying skulls (Gauntlet)
  5 wyverns
  37 yaks
  8 basilisks
  3 steam dragons
  7 nagas
  3 swamp worms (Gauntlet)
  3 acid dragons
  8 water moccasins
  5 hell hounds (Lair:6)
  3 orc warriors
  An ice beast (D:7)
  3 sky beasts
  A necrophage (D:3)
  19 wolves
  2 ogres
  2 black bears (D:6)
  3 centaurs
  A kobold brigand (D:8)
  9 bullfrogs
  4 killer bees (D:8)
  8 wights (D:8)
  5 electric eels
  3 lava snakes (Lair:6)
  A hound (D:5)
  4 bullfrog skeletons
  2 orc priests (D:8)
  2 centaur skeletons
  3 orc wizards
  2 iguanas
  6 hell rats (Lair:6)
  A hound zombie (D:5)
  A hound skeleton (D:4)
  3 gnolls (D:4)
  A howler monkey skeleton (D:6)
  5 adders
  An adder skeleton (D:4)
  A worm (D:3)
  2 dart slugs
  24 orcs
  4 bats
  8 endoplasms
  6 giant cockroaches
  2 goblins (D:3)
  6 hobgoblins
  4 jackals (D:2)
  9 kobolds
  3 quokkas
  6 ball pythons
  4 frilled lizards
  3 rats
350 creatures vanquished.

Vanquished Creatures (collateral kills)
  A minotaur (Gauntlet)
  A black mamba (Lair:3)
  A yak (Lair:2)
  2 wolves (Lair:3)
5 creatures vanquished.

Vanquished Creatures (others)
  38 fungi
  80 plants
  24 withered plants (Gauntlet)
142 creatures vanquished.

Grand Total: 497 creatures vanquished

Notes
Turn   | Place    | Note
-------+----------+-------------------------------------------
     0 | D:1      | ZARRMARR the Gnoll Monk began the quest for the Orb.
     0 | D:1      | Reached XP level 1. HP: 23/23 MP: 1/1
   451 | D:1      | Reached XP level 2. HP: 29/29 MP: 2/2
  1048 | D:2      | Reached XP level 3. HP: 34/35 MP: 3/3
  1165 | D:2      | Reached skill level 1 in Short Blades
  1165 | D:2      | Reached skill level 1 in Long Blades
  1165 | D:2      | Reached skill level 1 in Axes
  1165 | D:2      | Reached skill level 1 in Maces & Flails
  1165 | D:2      | Reached skill level 1 in Polearms
  1165 | D:2      | Reached skill level 1 in Staves
  1165 | D:2      | Reached skill level 1 in Slings
  1165 | D:2      | Reached skill level 1 in Bows
  1165 | D:2      | Reached skill level 1 in Crossbows
  1165 | D:2      | Reached skill level 1 in Throwing
  1165 | D:2      | Reached skill level 1 in Armour
  1165 | D:2      | Reached skill level 1 in Shields
  1165 | D:2      | Reached skill level 1 in Spellcasting
  1165 | D:2      | Reached skill level 1 in Invocations
  1165 | D:2      | Reached skill level 1 in Evocations
  1259 | D:2      | Reached XP level 4. HP: 41/41 MP: 5/5
  1611 | D:2      | Identified a scroll of acquirement
  1612 | D:2      | Acquired the ring "Kismiyc" {rF+ Str+3}
  1861 | D:3      | Reached skill level 1 in Conjurations
  1861 | D:3      | Reached skill level 1 in Hexes
  1861 | D:3      | Reached skill level 1 in Summonings
  1861 | D:3      | Reached skill level 1 in Necromancy
  1861 | D:3      | Reached skill level 1 in Translocations
  1861 | D:3      | Reached skill level 1 in Transmutations
  1861 | D:3      | Reached skill level 1 in Fire Magic
  1861 | D:3      | Reached skill level 1 in Ice Magic
  1861 | D:3      | Reached skill level 1 in Air Magic
  1861 | D:3      | Reached skill level 1 in Earth Magic
  1861 | D:3      | Reached skill level 1 in Poison Magic
  2525 | D:3      | Reached XP level 5. HP: 47/47 MP: 6/6
  2799 | D:3      | Found a faded altar of an unknown god.
  2840 | D:4      | Noticed a necrophage
  2863 | D:3      | Killed a necrophage
  2864 | D:3      | Reached skill level 2 in Short Blades
  2932 | D:3      | Reached XP level 6. HP: 46/53 MP: 8/8
  3587 | D:4      | Found Fuprexir's General Store.
  3626 | D:5      | Entered Level 5 of the Dungeon
  4006 | D:5      | Reached XP level 7. HP: 59/59 MP: 10/10
  4073 | D:5      | Reached skill level 3 in Short Blades
  4527 | D:5      | Reached skill level 5 in Stealth
  5164 | D:6      | Reached XP level 8. HP: 50/67 MP: 12/12
  5186 | D:6      | Reached skill level 4 in Short Blades
  5574 | D:6      | Found a staircase to the Ecumenical Temple.
  5621 | Temple   | Entered the Ecumenical Temple
  5733 | Temple   | Became a worshipper of Warmaster Okawaru
  5733 | Temple   | Reached * piety under Okawaru
  5733 | Temple   | Reached ** piety under Okawaru
  6396 | D:7      | Noticed a wyvern
  6402 | D:7      | Killed a wyvern
  6403 | D:7      | Reached skill level 5 in Short Blades
  6806 | D:7      | Reached XP level 9. HP: 55/72 MP: 14/14
  7985 | D:8      | Reached *** piety under Okawaru
  8359 | D:8      | Found a staircase to the Lair.
  8399 | D:8      | Reached skill level 6 in Short Blades
  9174 | D:8      | Reached skill level 5 in Invocations
  9799 | Lair:1   | Entered Level 1 of the Lair of Beasts
  9813 | Lair:1   | Reached **** piety under Okawaru
  9976 | Lair:1   | Found a runed translucent gate.
  9977 | Lair:1   | Found a runed translucent gate.
  9979 | Lair:1   | Found a runed translucent gate.
  9995 | Lair:1   | Noticed pkoi's ghost (journeyman TrMo)
 10020 | Lair:1   | Noticed a black mamba
 10035 | Lair:1   | Killed a black mamba
 10035 | Lair:1   | Received a gift from Okawaru
 10036 | Lair:1   | Reached XP level 10. HP: 35/80 MP: 14/17
 10036 | Lair:1   | Noticed a cane toad
 10051 | Lair:1   | Killed a cane toad
 10052 | Lair:1   | Reached skill level 7 in Short Blades
 10052 | Lair:1   | Reached skill level 5 in Long Blades
 10052 | Lair:1   | Reached skill level 5 in Axes
 10052 | Lair:1   | Reached skill level 5 in Maces & Flails
 10052 | Lair:1   | Reached skill level 5 in Polearms
 10052 | Lair:1   | Reached skill level 5 in Staves
 10052 | Lair:1   | Reached skill level 5 in Slings
 10052 | Lair:1   | Reached skill level 5 in Bows
 10052 | Lair:1   | Reached skill level 5 in Crossbows
 10052 | Lair:1   | Reached skill level 5 in Throwing
 10052 | Lair:1   | Reached skill level 5 in Armour
 10052 | Lair:1   | Reached skill level 5 in Shields
 10052 | Lair:1   | Reached skill level 5 in Spellcasting
 10052 | Lair:1   | Reached skill level 5 in Evocations
 10790 | Lair:1   | Reached ***** piety under Okawaru
 10818 | Lair:1   | Received a gift from Okawaru
 10977 | Lair:1   | Noticed a cane toad
 10988 | Lair:1   | Killed a cane toad
 12129 | Lair:2   | Noticed a cane toad
 12145 | Lair:2   | Killed a cane toad
 12146 | Lair:2   | Reached skill level 8 in Short Blades
 12633 | Lair:2   | Received a gift from Okawaru
 12675 | Lair:2   | Reached XP level 11. HP: 25/87 MP: 17/19
 13301 | Lair:2   | Noticed a five-headed hydra
 13316 | Lair:2   | Killed a five-headed hydra
 13317 | Lair:2   | Reached skill level 5 in Conjurations
 13317 | Lair:2   | Reached skill level 5 in Hexes
 13317 | Lair:2   | Reached skill level 5 in Summonings
 13317 | Lair:2   | Reached skill level 5 in Necromancy
 13317 | Lair:2   | Reached skill level 5 in Translocations
 13317 | Lair:2   | Reached skill level 5 in Transmutations
 13317 | Lair:2   | Reached skill level 5 in Fire Magic
 13317 | Lair:2   | Reached skill level 5 in Ice Magic
 13317 | Lair:2   | Reached skill level 5 in Air Magic
 13317 | Lair:2   | Reached skill level 5 in Earth Magic
 13317 | Lair:2   | Reached skill level 5 in Poison Magic
 14427 | Lair:2   | HP: 3/89 [black mamba (3)]
 14434 | Lair:2   | HP: 3/89 [black mamba (1)]
 15092 | Lair:3   | Noticed a six-headed hydra
 15107 | Lair:3   | Killed a six-headed hydra
 15108 | Lair:3   | Reached skill level 9 in Short Blades
 15871 | Lair:3   | Noticed a four-headed hydra
 15886 | Lair:3   | Killed a four-headed hydra
 15886 | Lair:3   | Received a gift from Okawaru
 16527 | Lair:3   | Noticed a five-headed hydra
 16551 | Lair:3   | Killed a five-headed hydra
 16997 | Lair:3   | Received a gift from Okawaru
 16998 | Lair:3   | Reached XP level 12. HP: 44/96 MP: 19/22
 17461 | Lair:4   | Noticed a four-headed hydra
 17477 | Lair:4   | Killed a four-headed hydra
 17762 | Lair:4   | Received a gift from Okawaru
 17944 | Lair:4   | Reached skill level 10 in Short Blades
 17997 | Lair:4   | Noticed Urug
 18013 | Lair:4   | Killed Urug
 18131 | Lair:4   | Found a staircase to the Snake Pit.
 18331 | Lair:4   | Found a staircase to the Shoals.
 18777 | Lair:4   | Noticed a death yak
 18794 | Lair:4   | Killed a death yak
 19327 | Lair:5   | Received a gift from Okawaru
 19328 | Lair:5   | Reached skill level 10 in Fighting
 19328 | Lair:5   | Reached skill level 10 in Dodging
 19328 | Lair:5   | Reached skill level 10 in Unarmed Combat
 19335 | Lair:5   | Found a gate leading to a gauntlet.
 19344 | Gauntlet | Entered a Gauntlet
 19344 | Gauntlet | Found a transporter.
 19398 | Gauntlet | Found a transporter.
 19441 | Gauntlet | Found a transporter.
 19459 | Gauntlet | Found a transporter.
 19465 | Gauntlet | Noticed a death scarab
 19467 | Gauntlet | Found a transporter.
 19468 | Gauntlet | Noticed a death scarab
 19484 | Gauntlet | Found a transporter.
 19503 | Gauntlet | Found a transporter.
 19504 | Gauntlet | Noticed a blizzard demon
 19515 | Gauntlet | Found a transporter.
 19527 | Gauntlet | Found a transporter.
 19542 | Gauntlet | Found a transporter.
 19551 | Gauntlet | Found a transporter.
 19555 | Gauntlet | Noticed an entropy weaver
 19557 | Gauntlet | Found a transporter.
 19557 | Gauntlet | Found a transporter.
 19621 | Gauntlet | Found a transporter.
 19641 | Gauntlet | Found a transporter.
 19721 | Gauntlet | Found a transporter.
 19743 | Gauntlet | Found a transporter.
 19765 | Gauntlet | Found a transporter.
 20958 | Gauntlet | Identified the -1 hat of Efae {Str+3}
 21011 | Gauntlet | Noticed a minotaur
 21022 | Gauntlet | Killed a minotaur
 21360 | Lair:5   | Reached XP level 13. HP: 61/103 MP: 24/24
 21619 | Lair:4   | Reached skill level 11 in Short Blades
 22367 | Lair:4   | Found a staircase to the Snake Pit.
 22502 | Lair:4   | Found a staircase to the Shoals.
 23745 | Lair:5   | Received a gift from Okawaru
 24189 | Lair:5   | Received a gift from Okawaru
 25159 | Lair:6   | Entered Level 6 of the Lair of Beasts
 25368 | Lair:6   | Received a gift from Okawaru
 25532 | Lair:6   | Identified the +2 hat of Hairy Knowledge {rN++ Str+6}
                  | (Okawaru gifted it to you on level 6 of the Lair of Beasts)
 25532 | Lair:6   | Received a gift from Okawaru
 25919 | Lair:6   | Found a large runed translucent door.
 25919 | Lair:6   | Found a large runed translucent door.
 25942 | Lair:6   | Found a snail-covered altar of Cheibriados.
 25942 | Lair:6   | Found a runed translucent door.
 25942 | Lair:6   | Found a viscous altar of Jiyva.
 25942 | Lair:6   | Found a staircase to the Slime Pits.
 25942 | Lair:6   | Noticed an acid blob
 25942 | Lair:6   | Noticed an acid blob
 26424 | Lair:6   | Reached skill level 12 in Short Blades
 26838 | Lair:6   | Reached XP level 14. HP: 105/111 MP: 26/26
 28025 | Snake:1  | Entered Level 1 of the Snake Pit
 29209 | Snake:1  | Reached skill level 10 in Stealth
 29479 | Snake:1  | Received a gift from Okawaru
 29699 | Snake:1  | Received a gift from Okawaru
 30162 | Snake:1  | Reached skill level 10 in Invocations
 31046 | Snake:2  | HP: 3/113 [naga warrior (27)]
 31051 | Snake:2  | Gained mutation: You are agile. (Dex +2) [potion of
                  | mutation]
 31051 | Snake:2  | HP: 2/169 [poisoned by a naga warrior (splash of poison)]
 31051 | Snake:2  | Demolished by a naga warrior

Illustrated notes

Levels and vault maps discovered:
D:1:      roderic_crossed_star, layout_loops_ring
D:2:      layout_loops_ring, minmay_misc_feat_tower, kennysheep_generic_room_11
D:3:      layout_loops_cross, shapermc_ecumenical_altar_petra
D:4:      layout_cave_pools, serial_shops, nicolae_shop_behind_doors,
          dk_noncrumbling_4
D:5:      layout_gridville
D:6:      layout_basic, minmay_temple_entry_large_hall, grunt_tough_drop
D:7:      layout_layer_cave
D:8:      layout_basic, dpeg_oklobed_lair, hangedman_abyss_or_decor_stabs
Temple:   roderic_octagonal_lattice_temple
Lair:1:   layout_chaotic_city, gammafunk_ghost_split, serial_bayou_shore_b
Lair:2:   layout_chaotic_city, serial_bayou_lagoon_a, serial_bayou_shore_b
Lair:3:   layout_roguey
Lair:4:   layout_long_grid, elwin_shoals_entry_rocks,
          guppyfry_snake_entry_garden, serial_bayou_pond_e,
          chequers_serial_rivers_micro_a, grunt_megastairs_2,
          lemuel_fruit_fields, uniq_urug
Lair:5:   layout_hall_layers, gauntlet_entry_generic, serial_bayou_lagoon_b,
          minmay_lair_oklob_chamber
Lair:6:   cheibrodos_lair_end_hotspot, layout_cave_shapes, slime_altar_2,
          basic_altar
Snake:1:  layout_gridlike
Snake:2:  layout_basic, gammafunk_ghost_necromancy, st_stairs_13, uniq_frances,
          uniq_vashnia

Skill      XL: |  1  2  3  4  5  6  7  8  9 10 11 12 13 14 |
---------------+-------------------------------------------+-----
Short Blades   | 1 2 3 5 6 8 9 10 12 | 12.6
Long Blades    | 1 2 3 4 5 6 7 8 9 |  9.3
Axes           | 1 2 3 4 5 6 7 8 9 |  9.3
Maces & Flails | 1 2 3 4 5 6 7 8 9 |  9.3
Polearms       | 1 2 3 4 5 6 7 8 9 |  9.3
Staves         | 1 2 3 4 5 6 7 8 9 |  9.3
Slings         | 1 2 3 4 5 6 7 8 9 |  9.3
Bows           | 1 2 3 4 5 6 7 8 9 |  9.3
Crossbows      | 1 2 3 4 5 6 7 8 9 |  9.3
Throwing       | 1 2 3 4 5 6 7 8 9 |  9.3
Armour         | 1 2 3 4 5 6 7 8 9 |  9.3
Shields        | 1 2 3 4 5 6 7 8 9 |  9.3
Spellcasting   | 1 2 3 4 5 6 7 8 9 |  9.3
Invocations    | 1 2 3 4 5 6 7 8 9 10 | 10.1
Evocations     | 1 2 3 4 5 6 7 8 9 |  9.3
Conjurations   | 1 2 3 4 5 6 7 |  7.7
Hexes          | 1 2 3 4 5 6 7 |  7.7
Summonings     | 1 2 3 4 5 6 7 |  7.7
Necromancy     | 1 2 3 4 5 6 7 |  7.7
Translocations | 1 2 3 4 5 6 7 |  7.7
Transmutations | 1 2 3 4 5 6 7 |  7.7
Fire Magic     | 1 2 3 4 5 6 7 |  7.7
Ice Magic      | 1 2 3 4 5 6 7 |  7.7
Air Magic      | 1 2 3 4 5 6 7 |  7.7
Earth Magic    | 1 2 3 4 5 6 7 |  7.7
Poison Magic   | 1 2 3 4 5 6 7 |  7.7
Fighting       | 7 8 9 10 11 | 11.2
Dodging        | 7 8 9 10 11 | 11.2
Unarmed Combat | 7 8 9 10 11 | 11.2
Stealth        | 5 6 7 8 9 10 | 10.1

Action                   |  1- 3 |  4- 6 |  7- 9 | 10-12 | 13-15 || total
-------------------------+-------+-------+-------+-------+-------++-------
Melee: Unarmed           |    48 |   126 |   288 |   636 |   576 ||  1674
       Bite              |     2 |     8 |    32 |    87 |   104 ||   233
       Punch             |       |     3 |     8 |    41 |    57 ||   109
Throw: Javelin           |    17 |    66 |    70 |    10 |    35 ||   198
       Dart              |       |       |    35 |   152 |   124 ||   311
       Boomerang         |       |       |     1 |    14 |       ||    15
       Throwing net      |       |       |       |     1 |       ||     1
Invok: Heroism           |       |       |     1 |    25 |    25 ||    51
       Finesse           |       |       |       |     3 |     3 ||     6
Evoke: Box of beasts     |       |       |       |     2 |     1 ||     3
  Use: Scroll            |     2 |     3 |     8 |    15 |    11 ||    39
       Potion            |       |       |     3 |     4 |     5 ||    12
 Stab: Sleeping          |     5 |     1 |       |       |     5 ||    11
       Distracted        |       |       |       |     1 |     1 ||     2
       Held in net/web   |       |       |       |     3 |       ||     3
Armor: Robe              |     2 |       |       |       |       ||     2
       Chain mail        |       |    58 |    82 |       |       ||   140
       Plate armour      |       |       |    67 |   342 |     7 ||   416
       Shadow dragon sca |       |       |       |       |   205 ||   205
       Skin              |       |       |       |       |     2 ||     2
Dodge: Dodged            |    32 |    54 |   117 |   282 |   326 ||   811
